 Dungeon Crawl Stone Soup version 0.28-a0-793-g31680bbd8b (webtiles) character file.

Game seed: 17264387713497160300

3691 siradein the Ruffian (level 9, -11/132 HPs)
             Began as a Troll Berserker on Nov 5, 2021.
             Was a High Priest of Trog.
             Mangled by a two-headed ogre (29 damage)
             ... on level 6 of the Dungeon.
             The game lasted 00:25:10 (5905 turns).

siradein the Ruffian (Troll Berserker)              Turns: 5905, Time: 00:25:11

Health: -11/132    AC:  5    Str: 27    XL:     9   Next: 90%
Magic:  11/11      EV:  9    Int:  3    God:    Trog [*****.]
Gold:   322        SH:  7    Dex: 12    Spells: 8/8 levels left

rFire   . . .      SeeInvis .     - Unarmed
rCold   . . .      Faith    .   D - +0 kite shield
rNeg    . . .      Spirit   .   a - +0 animal skin
rPois   .          Reflect  .   (helmet restricted)
rElec   .          Harm     .   f - +0 cloak
rCorr   .          Rampage  .   (gloves unavailable)
Will    ++...                   (boots unavailable)
Stlth   ..........              k - amulet of the acrobat
HPRegen 2.32/turn               (no ring)
MPRegen 0.12/turn               (no ring)

@: berserking, strong-willed, regenerating, very quick
A: large, unfitting armour, claws 3, regeneration 1, shaggy fur 1, tough skin 1
a: Renounce Religion, Berserk, Trog's Hand, Brothers in Arms


You were on level 6 of the Dungeon.
You worshipped Trog.
Trog was extremely pleased with you.
You visited 1 branch of the dungeon, and saw 7 of its levels.

You collected 322 gold pieces.

Inventory:

Hand Weapons
 x - a +0 giant spiked club
Missiles
 b - 8 javelins
 m - 182 stones (quivered)
 r - 34 poisoned darts
 C - a boomerang
 G - 5 large rocks
Armour
 a - a +0 animal skin (worn)
 f - a +0 cloak (worn)
 D - a +0 kite shield (worn)
Jewellery
 k - an amulet of the acrobat (around neck)
Wands
 o - a wand of iceblast (15)
 E - a wand of paralysis (11)
Scrolls
 c - 4 scrolls of teleportation {unknown}
 e - 4 scrolls of enchant weapon {unknown}
 g - a scroll of fear {unknown}
 h - 2 scrolls of identify {unknown}
 j - a scroll of immolation {unknown}
 n - 2 scrolls of vulnerability {unknown}
 q - a scroll of holy word {unknown}
 s - 2 scrolls of magic mapping {unknown}
 t - 4 scrolls of enchant armour {unknown}
 w - a scroll of silence {unknown}
 y - 3 scrolls of blinking {unknown}
 B - a scroll of acquirement {unknown}
Potions
 d - a potion of might {unknown}
 i - 2 potions of haste {unknown}
 l - 2 potions of attraction {unknown}
 p - 3 potions of curing {unknown}
 u - 2 potions of ambrosia {unknown}
 v - a potion of invisibility {unknown}
 z - a potion of flight {unknown}
 A - a potion of berserk rage {unknown}
 F - 2 potions of brilliance {unknown}


   Skills:
 + Level 5.6 Fighting
 + Level 3.4 Maces & Flails
 + Level 5.1 Throwing
 + Level 5.5 Dodging
 + Level 2.1 Shields
 + Level 6.6 Unarmed Combat
 + Level 5.2 Invocations


You had 8 spell levels left.
You didn't know any spells.
Your spell library was empty.

Dungeon Overview and Level Annotations

Branches:
Dungeon (7/15)             Temple (0/1) D:7

Altars:
Ashenzari
Fedhas
Gozag
Nemelex Xobeh
Sif Muna
Uskayaw
Xom

Shops:
D:1 *   D:3 [


Innate Abilities, Weirdness & Mutations

You are too large for most types of armour.
You have claws for hands.
Your natural rate of healing is unusually fast.
You are covered in fur. (AC +1)
You have tough skin. (AC +1)


Message History

Your skin crawls.
You feel strong-willed.
There is an open door here.
There is a large open door here.
You closely miss the two-headed ogre. The two-headed ogre barely misses you.
You block the two-headed ogre's attack.
There is a large open door here.
You scratch the two-headed ogre.
The two-headed ogre is lightly wounded.
The two-headed ogre hits you with a +0 great mace!
The two-headed ogre misses you.
You mangle the two-headed ogre!!
The two-headed ogre is moderately wounded.
The two-headed ogre hits you with a +0 great mace!
The two-headed ogre hits you with a +0 giant club!
There is an open door, spattered with blood here.
You see here a +0 giant spiked club.
A red film seems to cover your vision as you go berserk!
You feel yourself moving faster!
You feel mighty! You block the two-headed ogre's attack.
The two-headed ogre hits you with a +0 giant club!!
You barely miss the two-headed ogre.
The two-headed ogre is moderately wounded.
You claw the two-headed ogre!
The two-headed ogre is heavily wounded.
You block the two-headed ogre's attack.
The two-headed ogre hits you with a +0 giant club!!
You closely miss the two-headed ogre.
The two-headed ogre is heavily wounded.
You mangle the two-headed ogre!!
The two-headed ogre is almost dead.
The two-headed ogre hits you with a +0 great mace!
The two-headed ogre hits you with a +0 giant club!!
* * * LOW HITPOINT WARNING * * *
You barely miss the two-headed ogre.
The two-headed ogre is almost dead.
You scratch the two-headed ogre.
The two-headed ogre is almost dead.
The two-headed ogre hits you with a +0 great mace!!
You die...

#.# ###'#### ..# #).....#
##### #......# ....#
#......# ###.# ###)######
#.# #......# #.# ######.#
###.# #O########## ..#.#
#@#........# #.#.####
#.#.######.# .......#
#.....# #.# #.#.#.##
###.#.# #.# #.#.#'####
#.#.# #.# #.#......# #.#.#
#.# ..#......# #.#.####.#
..#......# #.#......#
..'......#########.########


You could see a two-headed ogre.

Vanquished Creatures
  A cyclops (D:7)
  A gargoyle (D:7)
  A troll (D:7)
  A vampire (D:7)
  A water moccasin (D:6)
  3 sky beasts
  2 black bears
  A hornet zombie (D:7)
  A necrophage (D:5)
  5 ogres
  An ice beast (D:7)
  3 phantoms
  A scorpion (D:5)
  2 gnoll sergeants
  A water moccasin skeleton (D:7)
  3 wights (D:6)
  A bullfrog zombie (D:6)
  3 hounds
  2 orc priests
  3 bullfrog skeletons
  6 orc wizards
  2 iguanas
  A hound skeleton (D:5)
  10 gnolls
  16 adders
  3 white imps
  An ufetubus (D:7)
  3 adder skeletons (D:4)
  2 worms (D:3)
  5 dart slugs
  32 orcs
  8 ball pythons
  13 endoplasms
  3 giant cockroaches
  3 goblins
  2 hobgoblins
  6 kobolds
  7 quokkas
  3 bats
  3 frilled lizards
  6 rats
172 creatures vanquished.

Vanquished Creatures (others)
  An unseen horror (D:7)
1 creature vanquished.

Grand Total: 173 creatures vanquished

Notes
Turn   | Place    | Note
-------+----------+-------------------------------------------
     0 | D:1      | siradein the Troll Berserker began the quest for the Orb.
     0 | D:1      | Reached XP level 1. HP: 22/22 MP: 0/0
    77 | D:1      | Found a faded altar of an unknown god.
   160 | D:1      | Reached XP level 2. HP: 26/29 MP: 1/1
   266 | D:1      | Found Ubben's General Store.
   591 | D:1      | Reached ** piety under Trog
   752 | D:2      | Reached XP level 3. HP: 30/36 MP: 2/2
   931 | D:2      | Reached skill level 1 in Invocations
   931 | D:2      | Reached XP level 4. HP: 43/44 MP: 3/3
  1063 | D:2      | Reached skill level 1 in Throwing
  1179 | D:2      | Found a hide-covered altar of Uskayaw.
  1474 | D:3      | Found a sparkling altar of Nemelex Xobeh.
  1548 | D:3      | Reached XP level 5. HP: 53/53 MP: 5/5
  1573 | D:3      | Noticed a sky beast
  1578 | D:3      | Killed a sky beast
  1579 | D:3      | Reached skill level 4 in Unarmed Combat
  1834 | D:3      | Found Saxaekh's Armour Emporium.
  1884 | D:3      | Reached *** piety under Trog
  1885 | D:3      | Reached XP level 6. HP: 61/61 MP: 6/6
  2297 | D:4      | Found a blossoming altar of Fedhas.
  2299 | D:4      | Found a broken altar of Ashenzari.
  2300 | D:4      | Found an opulent altar of Gozag.
  2302 | D:4      | Found a shimmering altar of Xom.
  2305 | D:4      | Found a shimmering blue altar of Sif Muna.
  2431 | D:4      | Reached XP level 7. HP: 57/68 MP: 7/7
  2688 | D:5      | Entered Level 5 of the Dungeon
  2705 | D:5      | Reached **** piety under Trog
  3074 | D:5      | Reached skill level 5 in Unarmed Combat
  3078 | D:5      | Reached XP level 8. HP: 60/78 MP: 9/9
  3902 | D:6      | Reached skill level 1 in Maces & Flails
  4631 | D:7      | Reached skill level 5 in Fighting
  4631 | D:7      | Reached XP level 9. HP: 81/87 MP: 11/11
  4635 | D:7      | Reached skill level 5 in Dodging
  4635 | D:7      | Reached skill level 6 in Unarmed Combat
  4716 | D:7      | Found a staircase to the Ecumenical Temple.
  4962 | D:7      | Reached ***** piety under Trog
  5346 | D:7      | Reached skill level 1 in Shields
  5527 | D:7      | Noticed a gargoyle
  5541 | D:7      | Killed a gargoyle
  5551 | D:7      | Reached skill level 5 in Invocations
  5551 | D:7      | Noticed a boulder beetle
  5551 | D:7      | Noticed a cyclops
  5551 | D:7      | Noticed a two-headed ogre
  5738 | D:7      | Killed a cyclops
  5739 | D:7      | Reached skill level 5 in Throwing
  5783 | D:7      | Noticed a cyclops
  5783 | D:7      | Noticed a troll
  5796 | D:7      | Killed a troll
  5796 | D:7      | HP: 3/88 [something (6)]
  5812 | D:7      | Killed an unseen horror
  5816 | D:7      | HP: 1/88 [two-headed ogre (19)]
  5905 | D:6      | Mangled by a two-headed ogre

Illustrated notes

Levels and vault maps discovered:
D:1:      lightli_arrival_flooded_house, layout_basic,
          hellmonk_ecumenical_altar_zigzags, serial_shops, shop,
          minmay_box_of_dots
D:2:      layout_loops_ring, basic_altar
D:3:      layout_basic, overflow_temple_1_default, serial_shops, shop,
          minmay_three_crescents
D:4:      layout_cave_pools, grunt_temple_overflow_open,
          kennysheep_cluttered_room
D:5:      layout_basic, grunt_ministairs_10
D:6:      layout_basic
D:7:      minmay_the_grid_triangle_9x9_rhombus_thin
          [minmay_the_grid_triangle_9x9_corrupted_corridor,
          minmay_the_grid_triangle_9x9_prize_center,
          minmay_the_grid_triangle_9x9_stretched_checkered,
          minmay_the_grid_triangle_9x9_empty], layout_basic,
          minmay_temple_entry_waves, hangedman_decor_peaks_small,
          due_unseen_surprise

Skill      XL: |  1  2  3  4  5  6  7  8  9 |
---------------+----------------------------+-----
Invocations    | 1 2 3 4 5 |  5.2
Fighting       | 3 4 5 |  5.6
Throwing       | 1 2 3 4 5 |  5.1
Dodging        | 3 4 5 |  5.5
Unarmed Combat | 4 5 6 |  6.6
Maces & Flails | 2 3 |  3.4
Shields        | 2 |  2.1

Action                   |  1- 3 |  4- 6 |  7- 9 || total
-------------------------+-------+-------+-------++-------
Melee: Unarmed           |    71 |   156 |   278 ||   505
       Punch             |     4 |     2 |     6 ||    12
Throw: Stone             |       |     1 |    19 ||    20
Invok: Berserk           |       |       |     3 ||     3
       Trog's Hand       |       |       |     2 ||     2
 Stab: Sleeping          |       |     1 |       ||     1
Armor: Animal skin       |    21 |    43 |    49 ||   113
Dodge: Dodged            |    21 |    78 |   183 ||   282
Block: Kite shield       |       |       |    40 ||    40

Table legend: (Time is in decaauts)
 A = Elapsed time spent in this place.
 B = Non-inter-level travel time spent in this place.
 C = Inter-level travel time spent in this place.
 D = Time resting spent in this place.
 E = Time spent auto-exploring this place.
 F = Levels seen in this place.
 G = Mean time per level.
                   A        B        C        D        E       F      G
               +--------+--------+--------+--------+--------+-----+--------+
         Total |   5903 |   5744 |    159 |     64 |   4277 |   7 |  843.3 |
       Dungeon |   5903 |   5744 |    159 |     64 |   4277 |   7 |  843.3 |
               +--------+--------+--------+--------+--------+-----+--------+

Top non-repeatable levels by time:
     D:6: 1148 daAuts
     D:7: 1115 daAuts
     D:5: 966 daAuts
     D:1: 736 daAuts
     D:3: 665 daAuts
     D:4: 657 daAuts
     D:2: 612 daAuts
